Map: Cyber Forest LE

Players

Woah - Winner!

  • Race: Terran Terran
  • League: Platinum
  • Spawn Location: 11:00

OLiX

  • Race: Protoss Protoss
  • League: Platinum
  • Spawn Location: 5:00

VOD

Have the link to the VOD?

Description

Time

  • Played on: June 10, 2019, 8:32 a.m.
  • Length: 10:48
Show
View Real Time Build Order
Export as new Build Order

Woah Terran - Winner!

Build Orders:  

Get SALT Encoding   

  12  0:01  SCV  
  13  0:13  SCV  
  14  0:18  Supply Depot  
  14  0:26  SCV  
  15  0:30  Refinery  
  15  0:40  SCV  
  16  0:45  Barracks  
  16  0:52  SCV  
  17  1:00  Refinery  
  17  1:11  SCV  
  18  1:32  Factory  
  18  1:33  Orbital Command  
  18  1:47  Barracks Reactor  
  18  2:08  Command Center  
  18  2:11  SCV  
  23  2:30  Hellion x2  
  23  2:38  Barracks Tech Lab  
  23  2:40  Starport  
  23  2:49  Supply Depot  
  23  3:11  SCV, Widow Mine x2  
  23  3:12  Stimpack, Marine  
  29  3:22  Medivac  
  29  3:23  SCV  
  32  3:32  Orbital Command  
  30  3:53  SCV  
  30  3:55  Starport Tech Lab  
  29  3:57  Widow Mine x2  
  33  4:05  SCV x2  
  35  4:17  SCV  
  36  4:27  SCV  
  36  4:28  Raven  
  36  4:29  SCV  
  40  4:39  SCV  
  40  4:44  SCV  
  42  4:54  Barracks x2  
  42  4:56  Barracks  
  42  4:58  Marauder  
  44  5:04  Barracks  
  40  5:24  SCV  
  41  5:29  SCV  
  41  5:32  Bunker  
  41  5:34  Factory Tech Lab  
  42  5:36  SCV  
  42  5:41  SCV  
  44  5:43  Engineering Bay  
  44  5:44  Engineering Bay  
  44  5:48  Factory  
  44  5:53  Viking  
  44  5:55  Barracks Reactor  
  44  5:56  Barracks Tech Lab x2  
  46  6:16  Command Center  
  46  6:27  SCV  
  46  6:31  SCV  
  46  6:39  Marine  
  46  6:58  Terran Infantry Weapons Level 1  
  46  7:04  Marine x5  
  46  7:05  SCV x2, Cyclone, Marauder x2  
  46  7:06  Supply Depot x2  
  60  7:09  Supply Depot  
  60  7:17  SCV x2  
  62  7:23  Refinery  
  62  7:24  Refinery  
  62  7:27  Marine x2  
  62  7:28  Cyclone  
  62  7:29  SCV x2  
  69  7:34  Orbital Command  
  69  7:36  Supply Depot  
  69  7:42  Terran Infantry Armor Level 1  
  69  7:43  SCV x2  
  71  7:55  Starport Reactor  
  73  8:05  Marauder  
  73  8:07  Marauder  
  73  8:08  Marauder  
  73  8:09  Marine  
  73  8:10  Marine x3  
  73  8:11  SCV  
  82  8:13  SCV  
  83  8:20  Orbital Command  
  85  8:27  Marauder, Marine x3  
  85  8:28  Supply Depot  
  85  8:31  Medivac x2  
  92  8:46  Cyclone  
  95  8:54  Liberator  
  72  9:06  Marine  
  72  9:07  Marine  
  68  9:28  Marine x2  
  68  9:29  Marauder x3, Marine x2  
  78  9:38  Cyclone  
  81  9:46  Marine x3  
  81  9:47  Marine  
  81  9:50  Marauder x3  
  88  10:10  Marine x4  
  88  10:11  Marauder  
  88  10:12  Marauder x2  
  97  10:28  Marine x3  
Show
View Real Time Build Order
Export as new Build Order

OLiX Protoss 

Build Orders: Dark Templar Rush 

Get SALT Encoding   

  12  0:01  Probe  
  13  0:13  Probe  
  14  0:23  Pylon  
  14  0:25  Probe  
  15  0:41  Probe  
  16  0:44  Gateway  
  16  0:53  Probe  
  17  1:10  Probe  
  18  1:13  Assimilator  
  18  1:20  Assimilator  
  18  1:22  Probe  
  19  1:33  Cybernetics Core  
  19  1:34  Probe  
  19  1:38  Gateway  
  20  1:42  Probe, Pylon  
  21  1:50  Probe  
  22  2:08  Pylon  
  22  2:10  Stalker  
  24  2:24  Twilight Council  
  24  2:27  Adept  
  26  2:32  Adept  
  26  2:35  Probe  
  27  2:40  Charge  
  27  2:43  Warp Gate  
  29  2:57  Zealot  
  31  3:00  Zealot  
  33  3:16  Gateway  
  33  3:22  Dark Shrine  
  33  3:26  Zealot  
  35  3:28  Zealot  
  37  3:56  Probe  
  37  4:01  Robotics Facility  
  38  4:46  Warp Prism  
  38  5:04  Forge  
  38  5:14  Nexus  
  36  5:38  Photon Cannon  
  36  5:42  Photon Cannon  
  36  5:48  Photon Cannon  
  36  5:53  Pylon  
  36  6:08  Gateway x2  
  36  6:13  Dark Templar x2  
  36  6:14  Dark Templar  
  36  6:39  Probe  
  35  6:47  Probe  
  35  6:51  Photon Cannon, Shield Battery  
  35  6:52  Stargate  
  36  6:57  Probe  
  37  7:09  Probe  
  38  7:16  Pylon  
  38  7:17  Pylon  
  38  7:21  Probe  
  39  7:31  Zealot x2  
  39  7:32  Zealot x2  
  39  7:33  Probe  
  48  7:41  Probe  
  48  7:42  Phoenix  
  50  7:49  Probe  
  51  7:52  Probe  
  53  7:59  Probe  
  53  8:01  Shield Battery  
  53  8:02  Shield Battery  
  53  8:03  Shield Battery  
  53  8:04  Probe  
  55  8:09  Shield Battery  
  55  8:11  Probe  
  56  8:13  Phoenix  
  58  8:25  Immortal  
  62  8:46  Zealot x3  
  62  8:47  Zealot x2  
  44  9:10  Dark Templar x3  
  44  9:11  Dark Templar x2  
  52  9:29  Probe  
  53  9:39  Stargate x2  
  53  9:41  Probe  
  53  9:42  Archon  
  53  9:44  Archon  
  46  9:53  Probe  
  46  9:55  Dark Templar  
  43  10:05  Probe  
  43  10:07  Zealot x4  
  44  10:29  Zealot x4  
  44  10:30  Zealot  
Tags
 
Matchup
PvT
Replay Pack
r1
Spawn Locations
Cross Positions
Add a new tag
Caveats
  • Supply blocks, unpowered buildings, or Contaminate may cause inaccurate times.
  • Supply counts are checked every 10 seconds.